 Dungeon Crawl Stone Soup version 0.18.1-48-g4cf74bf (webtiles) character file.

1313 Eukament the Digger (level 8, -10/43 HPs)
             Began as a Gargoyle Earth Elementalist on Aug 9, 2016.
             Mangled by an orc warrior
             ... wielding a +2 scimitar of slicing
              (19 damage)
             ... on level 6 of the Dungeon.
             The game lasted 01:28:16 (9520 turns).

Eukament the Digger (Gargoyle Earth Elementalist)   Turns: 9520, Time: 01:28:16

Health: -10/43     AC:  8    Str: 13    XL:     8   Next: 58%
Magic:  5/18       EV: 12    Int: 17    God:
Gold:   103        SH:  0    Dex: 10    Spells: 3 memorised, 11 levels left

rFire  . . .     SeeInvis .     e - +1 mace
rCold  . . .     Gourm    .     a - +0 robe
rNeg   + . .     Faith    .     (no shield)
rPois  ∞         Spirit   .     (no helmet)
rElec  +         Dismiss  .     (no cloak)
rCorr  +         Reflect  .     m - +0 pair of gloves
SustAt .         Harm     .     (no boots)
MR     +....                    (no amulet)
Stlth  ++........               t - ring of protection from magic
                                g - ring of resist corrosion

@: about to teleport, somewhat resistant to hostile enchantments, unstealthy
A: negative energy resistance 1, electricity resistance, unbreathing,
petrification resistance, rot immunity, AC +5
a: no special abilities


You were on level 6 of the Dungeon.
You were not hungry.

You visited 1 branch of the dungeon, and saw 7 of its levels.

You collected 358 gold pieces.
You spent 255 gold pieces at shops.

Inventory:

Hand Weapons
 e - a +1 mace (weapon)
 h - a cursed -1 whip
 i - a +1 whip of pain
Missiles
 b - 232 stones (quivered)
Armour
 a - a +0 robe (worn)
 m - a +0 pair of gloves (worn)
 n - a cursed +0 leather armour
Jewellery
 f - an uncursed amulet of faith
 g - a ring of resist corrosion (left hand)
 t - a ring of protection from magic (right hand)
Wands
 v - a wand of flame (14/48)
Scrolls
 j - 2 scrolls of remove curse
 p - 2 scrolls of teleportation
 q - 2 scrolls of enchant weapon
 x - a scroll of brand weapon {unknown}
Potions
 d - 2 potions of curing {unknown}
 k - 2 potions of might {unknown}
 l - 2 potions of cancellation {unknown}
 w - a potion of brilliance {unknown}
Books
 c - a book of Geomancy

   Spells                             Type                      Level
   a - Sandblast                      Earth                        1
   b - Passwall                       Transmutation/Earth          2
   c - Stone Arrow                    Conjuration/Earth            3
   d - Petrify                        Transmutation/Earth          4
   e - Lee's Rapid Deconstruction     Earth                        5
 o - a book of Party Tricks

   Spells                             Type                      Level
   a - Summon Butterflies             Summoning                    1
   b - Apportation                    Translocation                1
   c - Tukima's Dance                 Hexes                        3
   d - Alistair's Intoxication        Transmutation/Poison         5
   e - Invisibility                   Hexes                        6
Comestibles
 r - a beef jerky


   Skills:
 + Level 1.0 Fighting
 + Level 0.8 Maces & Flails
 + Level 2.0 Dodging
 - Level 2.1 Stealth
 * Level 6.8 Spellcasting
 + Level 4.6 Conjurations
   Level 0.7 Transmutations
 + Level 6.8 Earth Magic
 + Level 1.1 Evocations


You had 11 spell levels left.
You knew the following spells:

 Your Spells              Type           Power        Failure   Level  Hunger
a - Sandblast             Erth           ####..       1%          1    None
b - Stone Arrow           Conj/Erth      ####..       4%          3    ##.....
c - Lee's Rapid Deconstr  Erth           ####......   21%         5    #####..


Dungeon Overview and Level Annotations

Branches:
Dungeon (7/15)             Temple (0/1) D:4

Altars:
Pakellas
Xom
The Shining One

Shops:
D:6 }

Annotations:
D:4 Gargoyl's ghost, amateur DsAK
D:5 humperndinck's ghost, novice GrGl


Innate Abilities, Weirdness & Mutations

You are resistant to torment.
Your stone body is resilient (AC +5).
You are immune to poison.
You resist negative energy.
You are resistant to electric shocks.
You can survive without breathing.
You are immune to petrification.
You are immune to rotting.


Message History

Aiming: Sandblast
Press: ? - help, Shift-Dir - straight line, f/p - orc warrior
Aim: an orc warrior, wielding a scimitar of slicing and wearing a chain mail (severely wounded)
The blast of sand hits the orc warrior.
The orc warrior is severely wounded.
The orc warrior misses you.
Casting: Sandblast
Confirm with . or Enter, or press ? or * to list all spells.
Aiming: Sandblast
Press: ? - help, Shift-Dir - straight line, f/p - orc warrior
Aim: an orc warrior, wielding a scimitar of slicing and wearing a chain mail (severely wounded)
The blast of sand hits the orc warrior.
The orc warrior is almost dead.
The orc warrior hits you with a scimitar of slicing!!
* * * LOW HITPOINT WARNING * * *
x2 Read which item? (? for menu, Esc to quit)
As you read the scroll of teleportation, it crumbles to dust.
You feel strangely unstable.
The orc warrior hits you with a scimitar of slicing!!
You die...

......#########..######....o.....
..............................)..
..........######.##########..#.##
.........## #......######..##.#
.........# ###.####....#...###.#
.........# #...# ####...### #.##
##.).#...# #.### ##..#####...
####>#######.##########....#.....
................@o...............
######.......##########.#.##.#...
# #...........# #.....##..#.. ##
#...........####.#.#####...# .#
##..................# #.....# .#
#............##..#### #.##.## .##
#.#######.......## #.##)##
..###.# #.....### #.##..# #.#...#
#####..# ###.###..


You could see an orc warrior.

Vanquished Creatures
  Prince Ribbit (D:6)
  A mottled dragon (D:7)
  A sky beast (D:6)
  2 centaurs (D:6)
  2 ogres (D:6)
  A wight (D:7)
  2 howler monkeys (D:5)
  2 hounds (D:6)
  An orc wizard (D:4)
  A giant frog skeleton (D:4)
  2 iguanas
  2 worker ants
  3 hound skeletons
  A howler monkey zombie (D:5)
  9 adders
  A shadow imp (D:7)
  3 oozes
  2 worms (D:3)
  3 dart slugs
  4 giant geckos
  13 orcs
  3 giant cockroaches
  8 goblins
  9 hobgoblins
  3 jackals (D:2)
  4 quokkas
  9 bats
  A giant gecko skeleton (D:5)
  A giant gecko zombie (D:7)
  8 giant newts
  9 kobolds
  11 rats
123 creatures vanquished.

Vanquished Creatures (others)
  An ogre (D:7)
  An adder (D:7)
2 creatures vanquished.

Grand Total: 125 creatures vanquished

Notes
Turn   | Place    | Note
--------------------------------------------------------------
     0 | D:1      | Eukament the Gargoyle Earth Elementalist began the quest for the Orb.
     0 | D:1      | Reached XP level 1. HP: 10/10 MP: 3/3
   362 | D:1      | Reached XP level 2. HP: 15/15 MP: 0/5
   950 | D:1      | Reached XP level 3. HP: 19/19 MP: 4/7
  1051 | D:1      | Learned a level 3 spell: Stone Arrow
  2449 | D:2      | Reached XP level 4. HP: 24/24 MP: 5/8
  2729 | D:2      | Reached skill level 1 in Conjurations
  3514 | D:2      | Reached XP level 5. HP: 26/28 MP: 3/10
  3632 | D:3      | Learned a level 3 spell: Stone Arrow
  4013 | D:3      | Learned a level 5 spell: Lee's Rapid Deconstruction
  4310 | D:4      | Noticed Gargoyl's ghost (amateur DsAK)
  4973 | D:4      | Reached skill level 5 in Earth Magic
  4973 | D:4      | Reached XP level 6. HP: 32/32 MP: 8/12
  5084 | D:4      | Found a staircase to the Ecumenical Temple.
  5154 | D:4      | Found a glowing golden altar of the Shining One.
  5789 | D:5      | Entered Level 5 of the Dungeon
  5941 | D:5      | Noticed humperndinck's ghost (novice GrGl)
  6423 | D:4      | HP: 1/32 [Gargoyl's ghost (6)]
  7326 | D:5      | Reached skill level 5 in Spellcasting
  7516 | D:6      | Reached XP level 7. HP: 36/36 MP: 1/14
  8302 | D:6      | Noticed Prince Ribbit
  8316 | D:6      | Killed Prince Ribbit
  8316 | D:6      | Reached XP level 8. HP: 26/41 MP: 2/17
  8444 | D:6      | Found an oddly glowing altar of Pakellas.
  8444 | D:6      | Found Pakellas's Prime Provisions.
  8450 | D:6      | Bought a wand of flame (15/48) for 255 gold pieces
  8919 | D:7      | Found a shimmering altar of Xom.
  9082 | D:7      | Reached skill level 1 in Fighting
  9082 | D:7      | Reached skill level 1 in Evocations
  9520 | D:6      | Mangled by an orc warrior

Skill      XL: |  1  2  3  4  5  6  7  8 |
---------------+-------------------------+-----
Spellcasting   | 3 4 5 6 |  6.8
Earth Magic    | 4 5 6 |  6.8
Conjurations   | 1 2 3 4 |  4.6
Fighting       | 1 |  1.0
Evocations     | 1 |  1.1
Dodging        | 2 |  2.0
Maces & Flails | |  0.8
Stealth        | |  2.1
Transmutations | |  0.7

Action                   |  1- 3 |  4- 6 |  7- 9 || total
-------------------------+-------+-------+-------++-------
Melee: Mace              |    20 |    18 |    13 ||    51
 Cast: Sandblast         |    70 |   108 |    57 ||   235
       Stone Arrow       |    11 |    50 |    24 ||    85
       Lee's Rapid Decon |       |       |     7 ||     7
Evoke: Wand              |       |       |     1 ||     1
  Use: Scroll            |       |     6 |     8 ||    14
       Potion            |       |     1 |       ||     1
  Eat: Meat ration       |     1 |     1 |       ||     2
       Bread ration      |     1 |     4 |     1 ||     6
       Pizza             |       |     1 |       ||     1
Armor: Robe              |    13 |    45 |    11 ||    69
Dodge: Dodged            |    35 |    68 |    43 ||   146
